 Dungeon Crawl Stone Soup version 0.30-a0-782-ge64f9170bb (webtiles) character file.

Game seed: 9794573027820528405

136 theswoord the Skirmisher (level 4, -11/25 HPs)
             Began as a Deep Elf Hunter on Mar 14, 2023.
             Was an Initiate of Kikubaaqudgha.
             Killed by an exploding Duvessa (36 damage)
             ... ignited by their inner flame
             ... on level 4 of the Dungeon.
             The game lasted 00:03:26 (2266 turns).

theswoord the Skirmisher (Deep Elf Hunter)          Turns: 2266, Time: 00:03:26

Health: -11/25     AC:  5    Str: 10    XL:     4   Next: 98%
Magic:  6/6        EV: 12    Int: 14    God:    Kikubaaqudgha [......]
Gold:   172        SH:  0    Dex: 18    Spells: 3/3 levels left

rFire   . . .      SeeInvis .    a - +0 shortbow
rCold   . . .      Faith    .    (shield currently unavailable)
rNeg    . . .      Spirit   .    c - +0 leather armour
rPois   .          Reflect  .    (no helmet)
rElec   .          Harm     .    (no cloak)
rCorr   .          Rampage  .    s - +1 pair of gloves
Will    .....                    (no boots)
Stlth   ++                       (no amulet)
HPRegen 0.24/turn                (no ring)
MPRegen 0.10/turn                (no ring)

@: no status effects
A: no striking features
a: Renounce Religion


You were on level 4 of the Dungeon.
You worshipped Kikubaaqudgha.
Kikubaaqudgha was noncommittal.
You visited 1 branch of the dungeon, and saw 4 of its levels.

You collected 172 gold pieces.

Inventory:

Hand Weapons
 a - a +0 shortbow (weapon)
Armour
 c - a +0 leather armour (worn)
 s - a +1 pair of gloves (worn)
Jewellery
 t - a ring of positive energy
 u - a ring of willpower
Scrolls
 f - a scroll of identify
 p - 4 scrolls of magic mapping {unknown}
Potions
 d - a potion of curing
 e - 2 potions of degeneration {unknown}
 l - a potion of mutation {unknown}
 m - 2 potions of heal wounds {unknown}
 n - a potion of attraction {unknown}
 o - a potion of flight {unknown}
 q - a potion of haste {unknown}
 r - a potion of might {unknown}


   Skills:
 + Level 1.5 Fighting
 + Level 8.3 Ranged Weapons
 - Level 2.4 Dodging
 - Level 1.2 Stealth


You had 3 spell levels left.
You didn't know any spells.
Your spell library contained the following spells:

 Spells                   Type           Power      Damage    Failure   Level
 Lesser Beckoning         Tloc           0%         N/A       52%         2
 Gell's Gravitas          Tloc           0%         N/A       75%         3
 Teleport Other           Tloc           0%         N/A       75%         3


Dungeon Overview and Level Annotations

Branches:
Dungeon (4/15)
 Temple: D:4-7

Altars:
Kikubaaqudgha

Shops:
D:2 *

Annotations:
D:4 Dowan


Message History

Okay, then.
As you read the scroll labelled TANNIU BEJEUNI, it crumbles to dust.
It was a scroll of blinking.
As you read the scroll labelled DOTINISTOVOH, it crumbles to dust.
It is a scroll of amnesia.
You feel forgetful for a moment.
As you read the scroll labelled PIGOSSUAGUSK, it crumbles to dust.
It is a scroll of enchant armour.
Your +0 pair of gloves glows green for a moment.
The air fills with toxic fumes!
As you read the scroll labelled VAGIRUGACO, it crumbles to dust.
It was a scroll of poison.
As you read the scroll labelled IRCHUA POXIACE, it crumbles to dust.
The scroll dissolves into smoke.
It was a scroll of fog.
You shoot an arrow. The arrow hits Duvessa!
Dowan shouts!
Dowan gestures wildly while chanting.
Dowan blinks!
You shoot an arrow. The arrow closely misses Duvessa.
Really read the scroll of immolation? [Y]es or [N]o only, please.
Really read the scroll of immolation?
As you read the scroll of immolation, it crumbles to dust.
The creatures around you are filled with an inner flame!
You shoot an arrow.
The arrow hits Duvessa but does no damage.
Duvessa says, "My weaknesses are his strengths!"
You shoot an arrow. The arrow hits Duvessa.
Flame seeps out of Duvessa.
Duvessa is engulfed in blazing flames.
Flame seeps out of Duvessa.
You shoot an arrow. The arrow barely misses Duvessa.
Duvessa is engulfed in poison gas.
Duvessa is poisoned.
Flame seeps out of Duvessa.
You shoot an arrow. The arrow hits Duvessa!
Flame seeps out of Duvessa.
Duvessa looks even sicker.
You shoot an arrow. The arrow hits Duvessa.
Kikubaaqudgha accepts your kill.
You hear a distant wail of despair.
The fiery explosion engulfs you!!!
Ouch! That really hurt!
You die...
Kikubaaqudgha rasps: "You have failed me!
Welcome... death!"

§§§§ §§# °○#
°○####+##
#§§☼☼☼§☼§
#☼§§§.§.§
#☼°☼°§○°§ #@#
#######§########
......§§§.......
.######○########
###### #§#
...... ######○#
##### #....§§#
#.. #.###§☼#####
#.# #..#... #.#


There were no monsters in sight!

Vanquished Creatures
  Duvessa (D:4)
  A howler monkey (D:3)
  3 adders
  A worm (D:3)
  2 orcs (D:3)
  5 ball pythons
  8 endoplasms
  2 giant cockroaches (D:1)
  4 goblins
  7 hobgoblins
  7 jackals (D:3)
  4 kobolds
  5 quokkas
  3 bats
  5 frilled lizards
  2 rats (D:2)
60 creatures vanquished.

Vanquished Creatures (others)
  A human (D:4)
1 creature vanquished.

Grand Total: 61 creatures vanquished

Notes
Turn   | Place    | Note
-------+----------+-------------------------------------------
     0 | D:1      | theswoord the Deep Elf Hunter began the quest for the Orb.
     0 | D:1      | Reached XP level 1. HP: 12/12 MP: 3/3
   287 | D:1      | Reached XP level 2. HP: 16/16 MP: 4/4
   308 | D:1      | Reached skill level 6 in Ranged Weapons
   617 | D:2      | Reached XP level 3. HP: 20/20 MP: 5/5
   977 | D:2      | Reached skill level 7 in Ranged Weapons
  1190 | D:2      | Found Cuip's General Store.
  1410 | D:3      | Reached XP level 4. HP: 13/25 MP: 6/6
  1431 | D:3      | Reached skill level 8 in Ranged Weapons
  2191 | D:4      | Found an ancient bone altar of Kikubaaqudgha.
  2191 | D:4      | Noticed a human
  2194 | D:4      | Killed a human
  2209 | D:4      | Became a worshipper of Kikubaaqudgha
  2252 | D:4      | Noticed Duvessa
  2252 | D:4      | Noticed Dowan
  2266 | D:4      | Killed Duvessa
  2266 | D:4      | Killed by an exploding Duvessa... ignited by their inner
                  | flame

Skill      XL: |  1  2  3  4 |
---------------+-------------+-----
Ranged Weapons | 6 7 8 |  8.3
Fighting       | |  1.5
Dodging        | |  2.4
Stealth        | |  1.2

Action                     |  1- 3 |  4- 6 || total
---------------------------+-------+-------++-------
   Fire: Shortbow          |    78 |    67 ||   145
    Use: Scroll            |       |     7 ||     7
 Armour: Leather armour    |     3 |    10 ||    13
  Dodge: Dodged            |    11 |    26 ||    37

Levels and vault maps discovered:
D:1:      wander_arrival_lonely_grave, layout_loops_ring, minmay_close_crescents
D:2:      layout_loops_corners, serial_shops, shop, kennysheep_generic_room_8
D:3:      layout_basic
D:4:      layout_basic, overflow_temple_1_default, general_overflow_altar,
          tgw_kikubaaqudgha, mainiacjoe_overflow_alcove_4, uniq_duvessa,
          uniq_crazy_yiuf_cottage
